 Dungeon Crawl Stone Soup version 0.31-a0-210-gccc998df9b (webtiles) character file.

Game seed: 132517034000674236

28 Dittersdorf the Shield-Bearer (level 3, 0/23 HPs)
             Began as a Gargoyle Fighter on June 29, 2023.
             Slain by a water moccasin (8 damage)
             ... on level 4 of the Dungeon.
             The game lasted 00:00:56 (1047 turns).

Dittersdorf the Shield-Bearer (Gargoyle Fighter)    Turns: 1047, Time: 00:00:57

Health: 0/23       AC: 12    Str: 21    XL:     3   Next: 12%
Magic:  3/3        EV:  7    Int:  8    God:
Gold:   112        SH:  4    Dex:  9    Spells: 2/2 levels left

rFire   . . .        a - +0 flail
rCold   . . .        c - +0 buckler
rNeg    + . .        k - +0 chain mail
rPois   ∞            (no helmet)
rElec   +            (no cloak)
rCorr   .            (no gloves)
SInv    .            (no boots)
Will    .....        (no amulet) Stlth
                     (no ring)
HPRegen 0.23/turn    (no ring)
MPRegen 0.08/turn

%: no passive effects
@: no status effects
A: sickness immunity, AC +3, negative energy resistance 1, electricity
resistance, torment resistance 1, petrification resistance
a: no special abilities


You were on level 4 of the Dungeon.
You visited 1 branch of the dungeon, and saw 3 of its levels.

You collected 112 gold pieces.

Inventory:

Hand Weapons
 a - a +0 flail (weapon)
Armour
 c - a +0 buckler (worn)
 k - a +0 chain mail (worn)
Scrolls
 b - a scroll of amnesia {unknown}
 e - a scroll of blinking {unknown}
 f - a scroll of fear {unknown}
 g - a scroll of butterflies {unknown}
 h - a scroll of enchant weapon {unknown}
 j - a scroll of revelation {unknown}
 m - a scroll of noise {unknown}
Potions
 d - a potion of might
 i - a potion of cancellation {unknown}
 l - a potion of mutation {unknown}


   Skills:
 + Level 3.6 Fighting
 + Level 2.3 Maces & Flails
 + Level 3.6 Armour
 + Level 3.7 Shields


You had 2 spell levels left.
You didn't know any spells.
Your spell library contained the following spells:

 Spells                   Type           Power      Damage    Failure   Level
 Lesser Beckoning         Tloc           0%         N/A       99%         2
 Gell's Gravitas          Tloc           0%         N/A       100%        3
 Ignite Poison            Fire/Tmut/Pois 0%         N/A       100%        3
 Teleport Other           Tloc           0%         N/A       100%        3
 Sticky Flame             Conj/Fire      0%         2d3       100%        4
 Ignition                 Fire           0%         3d3       100%        8


Dungeon Overview and Level Annotations

Branches:
Dungeon (2/15)

Altars:


Innate Abilities, Weirdness & Mutations

You are immune to sickness and miasma.
Your stone body is resilient. (AC +3)
You are immune to poison.
You resist negative energy. (rN+)
You are resistant to electric shocks. (rElec)
You are resistant to unholy torment.
You are immune to petrification.


Message History

The water moccasin bites you.
The water moccasin completely misses you.
You are too injured to fight recklessly!
You are too injured to fight recklessly!
You are too injured to fight recklessly!
You are too injured to fight recklessly!
You are too injured to fight recklessly!
You are too injured to fight recklessly!
You are too injured to fight recklessly!
You are too injured to fight recklessly!
You are too injured to fight recklessly!
You are too injured to fight recklessly!
You are too injured to fight recklessly!
You are too injured to fight recklessly!
You are too injured to fight recklessly!
You are too injured to fight recklessly!
You are too injured to fight recklessly!
You are too injured to fight recklessly!
You are too injured to fight recklessly!
You barely miss the water moccasin.
The water moccasin is heavily wounded.
The water moccasin bites you. The water moccasin closely misses you.
You closely miss the water moccasin.
The water moccasin is heavily wounded.
The water moccasin bites you.
You completely miss the water moccasin.
The water moccasin is heavily wounded.
The water moccasin barely misses you. The water moccasin closely misses you.
You miss the water moccasin.
The water moccasin is heavily wounded.
The water moccasin barely misses you.
The water moccasin bites you but does no damage.
You closely miss the water moccasin.
The water moccasin is heavily wounded.
You block the water moccasin's attack.
The water moccasin bites you but does no damage.
You closely miss the water moccasin.
The water moccasin is heavily wounded.
The water moccasin bites you!
You die...

♣♣~~ #..## #
♣♣~~~♣♣##...
~~♣~P~~♣~♣~..#
PP~~P~P~~♣♣..##
~~~~P~~~~♣♣...
♣~~~~~♣~~~~~.#
~~~~~P~P♣~♣♣.####.###
~~P~≈~≈~~♣P♣.@S......
~~♣≈≈≈~≈~~~♣.######.#
~~~≈≈≈≈≈≈~~†~#
~≈~≈≈≈≈≈P♣~♣~#
P≈≈≈≈≈≈≈~P~~♣##
~~≈≈≈≈≈≈≈~~♣~.#####
~~≈≈≈≈≈≈≈~♣~~.....#.
~≈≈≈≈≈≈≈≈~~♣♣.......
P≈≈≈≈≈≈≈≈P~~.###.###


You could see a water moccasin.

Vanquished Creatures
  An adder (D:4)
  2 bats (D:1)
  3 endoplasms (D:1)
  2 giant cockroaches (D:1)
  A hobgoblin (D:4)
  3 quokkas
  2 ball pythons
  A goblin (D:1)
  A rat (D:1)
16 creatures vanquished.

Notes
Turn   | Place    | Note
-------+----------+-------------------------------------------
     0 | D:1      | Dittersdorf the Gargoyle Fighter began the quest for the
                  | Orb.
     0 | D:1      | Reached XP level 1. HP: 14/14 MP: 1/1
   189 | D:1      | Reached XP level 2. HP: 19/19 MP: 2/2
   972 | D:2      | You fall into a shaft and drop 2 floors!
  1032 | D:4      | Noticed a water moccasin
  1034 | D:4      | Reached XP level 3. HP: 20/23 MP: 3/3
  1047 | D:4      | Slain by a water moccasin

Illustrated notes

Levels and vault maps discovered:
D:1:      nzn_arrival_settlement, layout_loops_corners
D:2:      layout_basic, basic_altar
D:4:      layout_basic, serial_bayou_lake_a

Action                     || total
---------------------------++-------
  Melee: Flail             ||    61
 Armour: Scale mail        ||    17
         Chain mail        ||    17
  Dodge: Dodged            ||    33
  Block: Buckler           ||    11

Table legend: (Time is in decaauts)
 A = Elapsed time spent in this place.
 B = Non-inter-level travel time spent in this place.
 C = Inter-level travel time spent in this place.
 D = Time resting spent in this place.
 E = Time spent auto-exploring this place.
 F = Levels seen in this place.
 G = Mean time per level.
                   A        B        C        D        E       F      G
               +--------+--------+--------+--------+--------+-----+--------+
         Total |   1075 |   1044 |     31 |     33 |    844 |   3 |  358.3 |
       Dungeon |   1075 |   1044 |     31 |     33 |    844 |   3 |  358.3 |
               +--------+--------+--------+--------+--------+-----+--------+

Top non-repeatable levels by time:
     D:1: 935 daAuts
     D:4: 90 daAuts
     D:2: 49 daAuts
